 Dungeon Crawl Stone Soup version 0.28.0-53-g5a82cb258f (webtiles) character file.

Game seed: 8702639886793688369

14 Sin92 the Magician (level 2, -1/19 HPs)
             Began as a Demonspawn Hedge Wizard on July 12, 2022.
             Slain by a worm (11 damage)
             ... on level 2 of the Dungeon.
             The game lasted 00:01:43 (1263 turns).

Sin92 the Magician (Demonspawn Hedge Wizard)        Turns: 1263, Time: 00:01:44

Health: -1/19      AC:  2    Str: 10    XL:     2   Next: 27%
Magic:  2/6        EV: 12    Int: 15    God:
Gold:   105        SH:  0    Dex: 12    Spells: 6/7 levels left

rFire   . . .      SeeInvis .   a - +0 dagger
rCold   . . .      Faith    .   (no shield)
rNeg    . . .      Spirit   .   b - +0 robe
rPois   .          Reflect  .   c - +0 hat
rElec   .          Harm     .   f - scarf {repulsion}
rCorr   .          Rampage  .   (no gloves)
Will    .....                   (no boots)
Stlth   ++........              (no amulet)
HPRegen 0.06/turn               (no ring)
MPRegen 0.10/turn               (no ring)

@: repel missiles
A: demonic magic 1
a: no special abilities


You were on level 2 of the Dungeon.
You visited 1 branch of the dungeon, and saw 2 of its levels.

You collected 105 gold pieces.

Inventory:

Hand Weapons
 a - a +0 dagger (weapon)
Armour
 b - a +0 robe (worn)
 c - a +0 hat (worn)
 f - a scarf of repulsion (worn)
Scrolls
 e - a scroll of silence {unknown}
 g - a scroll of enchant armour {unknown}
Potions
 d - a potion of curing {unknown}


   Skills:
 + Level 0.3 Fighting
 * Level 0.7 Short Blades
 + Level 1.9 Dodging
 + Level 1.9 Stealth
 + Level 3.1 Spellcasting
 + Level 1.1 Conjurations
 - Level 1.0 Summonings
 + Level 1.1 Translocations


You had 6 spell levels left.
You knew the following spells:

 Your Spells              Type           Power      Damage    Failure   Level
a - Magic Dart            Conj           20%        1d4       12%         1

Your spell library contained the following spells:

 Spells                   Type           Power      Damage    Failure   Level
 Blink                    Tloc           10%        N/A       19%         2
 Slow                     Hex            8%         N/A       21%         1
 Call Imp                 Summ           5%         N/A       21%         2
 Conjure Flame            Conj/Fire      4%         6-21      43%         3
 Mephitic Cloud           Conj/Pois/Air  3%         N/A       45%         3


Dungeon Overview and Level Annotations

Branches:
Dungeon (2/15)

Altars:


Innate Abilities, Weirdness & Mutations

Spells you cast may paralyse adjacent enemies.


Message History

You hit the worm.
The worm is lightly wounded.
The worm closely misses you.
You barely miss the worm. You hit the worm.
The worm is lightly wounded.
The worm misses you.
You hit the worm.
The worm is lightly wounded.
The worm bites you but does no damage.
You hit the worm but do no damage.
The worm is lightly wounded.
You hit the worm.
The worm is lightly wounded.
The worm bites you.
You barely miss the worm.
The worm is lightly wounded.
You hit the worm.
The worm is moderately wounded.
The worm misses you.
You hit the worm.
The worm is moderately wounded.
You barely miss the worm.
The worm is moderately wounded.
The worm completely misses you.
You hit the worm.
The worm is heavily wounded.
You hit the worm.
The worm is heavily wounded.
The worm bites you.
You hit the worm.
The worm is severely wounded.
The worm bites you.
You hit the worm but do no damage.
The worm is severely wounded.
You hit the worm.
The worm is severely wounded.
The worm bites you!
Ouch! That really hurt!
You die...

#.....#.##.#
#.....#<##.#
##..≈..#)##.#
#...........#
#....≈......#
#.########..# ### #.#
#..# ####..#
#.########..###≈≈≈..##
#.........@...≈≈≈≈.≈≈#
#.#######.w###≈.≈.♣≈..
#.# #..###.≈.≈.≈...
#.# #..##..≈.≈≈≈≈.≈
#.# #..##......≈≈.≈
#.# #.....≈≈≈≈..≈≈♣
#.# #.#.##.≈#...#≈≈
#.# #.#.##.≈#.≈≈# .
#.#.###♣#..≈#


You could see a worm.

Vanquished Creatures
  3 endoplasms (D:1)
  2 goblins (D:1)
  A hobgoblin (D:1)
  A kobold (D:1)
  2 quokkas (D:1)
  2 bats (D:1)
  A frilled lizard (D:2)
12 creatures vanquished.

Notes
Turn   | Place    | Note
-------+----------+-------------------------------------------
     0 | D:1      | Sin92 the Demonspawn Hedge Wizard began the quest for the
                  | Orb.
     0 | D:1      | Reached XP level 1. HP: 13/13 MP: 4/4
   210 | D:1      | Reached skill level 1 in Translocations
   506 | D:1      | Gained mutation: Spells you cast may paralyse adjacent
                  | enemies. [demonic ancestry]
   506 | D:1      | Reached XP level 2. HP: 9/19 MP: 1/6
  1145 | D:1      | Found a faded altar of an unknown god.
  1263 | D:2      | Slain by a worm

Illustrated notes

Levels and vault maps discovered:
D:1:      dpeg_arrival_rhombus, layout_loops_ring,
          shapermc_ecumenical_altar_acropolis
D:2:      layout_loops_ring, serial_rivers, chequers_serial_rivers_micro_e,
          chequers_serial_rivers_micro_c, chequers_serial_rivers_marsh,
          chequers_serial_rivers_small_a, chequers_serial_rivers_small_a,
          hangedman_decor_points, kennysheep_another_room, grunt_ministairs_8,
          uniq_robin

Skill      XL: |  1 |
---------------+----+-----
Translocations | 1 |  1.1
Fighting       | |  0.3
Short Blades   | |  0.7
Dodging        | |  1.9
Stealth        | |  1.9
Spellcasting   | |  3.1
Conjurations   | |  1.1
Summonings     | |  1.0

Action                   || total
-------------------------++-------
Melee: Dagger            ||    45
 Cast: Magic Dart        ||    23
 Stab: Paralysed         ||     1
       Sleeping          ||     1
Armor: Robe              ||     7
Dodge: Dodged            ||    22
